 Dungeon Crawl Stone Soup version 0.26-a0-651-gb41185065b (webtiles) character file.

Game seed: 6057312798792874563

4308 Ozzies the Fighter (level 10, -4/70 HPs)
             Began as a Gargoyle Fighter on Oct 14, 2020.
             Was an Elder of Okawaru.
             Slain by a shadow (27 damage)
             ... on level 7 of the Dungeon.
             The game lasted 00:10:55 (8025 turns).

Ozzies the Fighter (Gargoyle Fighter)               Turns: 8025, Time: 00:10:55

Health: -4/70      AC: 18    Str: 30    XL:     10   Next: 32%
Magic:  13/13      EV: 11    Int:  6    God:    Okawaru [****..]
Gold:   505        SH: 11    Dex:  9    Spells: 9/9 levels left

rFire    . . .     SeeInvis .   F - +11 dagger "Uschumiob" {flame, rN+ Str+6 Int-2}
rCold    + + .     Faith    .   c - +0 kite shield
rNeg     + + +     Spirit   .   H - +2 ring mail {rC+}
rPois    ∞         Reflect  .   i - +0 helmet
rElec    +         Harm     .   D - +0 cloak
rCorr    .         Rampage  .   (no gloves)
MR       .....                  (no boots)
Stlth    ..........             (no amulet)
HPRegen  0.21/turn              d - ring of protection from cold
MPRegen  0.13/turn              B - ring of positive energy

@: no status effects
A: negative energy resistance 1, electricity resistance, unbreathing,
petrification resistance, rot immunity, AC +7
a: Heroism, Renounce Religion


You were on level 7 of the Dungeon.
You worshipped Okawaru.
Okawaru was greatly pleased with you.
You visited 2 branches of the dungeon, and saw 10 of its levels.

You collected 505 gold pieces.

Inventory:

Hand Weapons
 a - a +0 flail
 r - a +2 dagger of venom
 t - a +3 war axe
 F - the +11 dagger "Uschumiob" (weapon) {flame, rN+ Str+6 Int-2}
   (You found it on level 5 of the Dungeon)

   It has been specially enchanted to burn those struck by it, causing extra
   injury to most foes and up to half again as much damage against particularly
   susceptible opponents.
   It affects your strength (+6).
   It affects your intelligence (-2).
   It protects you from negative energy.
Missiles
 x - 34 sling bullets
 y - 209 stones (quivered)
Armour
 c - a +0 kite shield (worn)
 i - a +0 helmet (worn)
 D - a +0 cloak (worn)
 E - a -1 plate armour
 H - a +2 ring mail of cold resistance (worn)
Jewellery
 d - a ring of protection from cold (left hand)
 h - an uncursed ring of see invisible
 B - a ring of positive energy (right hand)
Wands
 e - a wand of disintegration (26)
Scrolls
 f - 6 scrolls of fear {!r}
 g - 4 scrolls of remove curse {@r2}
 j - a scroll of enchant weapon {unknown}
 k - 7 scrolls of teleportation {unknown}
 l - 4 scrolls of enchant armour {unknown}
 m - 11 scrolls of identify {unknown}
 o - a scroll of magic mapping {unknown}
 G - a scroll of blinking {unknown}
 I - a scroll of noise {unknown}
 J - a scroll of brand weapon {unknown}
 K - a scroll of amnesia {unknown}
Potions
 n - 2 potions of resistance {unknown}
 p - 3 potions of heal wounds {unknown}
 q - 2 potions of degeneration {unknown}
 s - a potion of flight {unknown}
 u - 2 potions of lignification {unknown}
 v - a potion of brilliance {unknown}
 w - a potion of cancellation {unknown}
 z - a potion of haste {unknown}
 A - 4 potions of curing {unknown}
 C - 2 potions of stabbing {unknown}


   Skills:
 * Level 11.3 Fighting
 - Level 5.0 Maces & Flails
 + Level 6.6 Armour
 + Level 3.8 Dodging
 + Level 6.5 Shields
 + Level 4.1 Invocations


You had 9 spell levels left.
You didn't know any spells.
Your spell library contained the following spells:

 Spells                   Type           Power        Failure   Level
 Animate Skeleton         Necr           #.....       90%         1
 Apportation              Tloc           #.....       90%         1
 Corona                   Hex            #......      90%         1
 Foxfire                  Conj/Fire      #...         90%         1
 Summon Small Mammal      Summ           #...         90%         1
 Conjure Flame            Conj/Fire      #.......     99%         3
 Inner Flame              Hex/Fire       #.......     99%         3
 Sticky Flame             Conj/Fire      #.......     100%        4
 Fireball                 Conj/Fire      #.........   100%        5


Dungeon Overview and Level Annotations

Branches:
Dungeon (9/15)             Temple (1/1) D:4
   Lair: D:8-11         Orc: D:9-12

Altars:
Ashenzari
Dithmenos
Elyvilon
Fedhas
Gozag
Hepliaklqana
Kikubaaqudgha
Makhleb
Nemelex Xobeh
Okawaru
Ru
Sif Muna
Trog
Uskayaw
Vehumet
Wu Jian
Xom
Yredelemnul
Zin
The Shining One

Annotations:
D:3 2 transporters, qborf's ghost, amateur OpTm


Innate Abilities, Weirdness & Mutations

You are resistant to torment.
Your stone body is resilient. (AC +7)
You are immune to poison.
You resist negative energy. (rN+)
You are resistant to electric shocks. (rElec)
You can survive without breathing.
You are immune to petrification.
You are immune to rotting.


Message History

The four-headed hydra roars!
The soldier ant twitches its antennae in your direction.
The quokka twitches its whiskers.
Found a glowing scale mail and a box of beasts (3/3).
You puncture the hippogriff! You burn the hippogriff.
The hippogriff is moderately wounded.
The hippogriff bites you but does no damage.
The hippogriff pecks you but does no damage.
The hippogriff claws you.
You closely miss the hippogriff.
The hippogriff is moderately wounded.
The hippogriff bites you. You block the hippogriff's attack.
The hippogriff barely misses you.
Your shield prevents you from hitting the hippogriff.
The hippogriff is moderately wounded.
The hippogriff barely misses you. You block the hippogriff's attack. x2
You hit the hippogriff. You burn the hippogriff.
The hippogriff is moderately wounded.
The hippogriff bites you but does no damage.
The hippogriff pecks you but does no damage.
The hippogriff completely misses you.
You hit the hippogriff. You burn the hippogriff.
The hippogriff is heavily wounded.
The shadow slips into darkness.
The shadow flickers and vanishes!
Deactivating autopickup; reactivate with Ctrl-A.
The hippogriff bites you but does no damage.
The hippogriff pecks you but does no damage.
You block the hippogriff's attack.
You puncture the hippogriff! You burn the hippogriff.
The hippogriff is almost dead.
The hippogriff misses you. The hippogriff closely misses you.
You block the hippogriff's attack.
You puncture the hippogriff! You burn the hippogriff.
You kill the hippogriff!
Okawaru accepts your kill.
The shadow strikes at you from the darkness!
You puncture something! You burn something.
The shadow strikes at you from the darkness!
Reactivating autopickup.
You hit the shadow but do no damage.
The shadow is heavily damaged.
The shadow barely misses you.
You closely miss the shadow.
The shadow is heavily damaged.
The shadow closely misses you.
You hit the shadow. You burn the shadow.
The shadow is severely damaged.
The shadow slips into darkness.
The shadow flickers and vanishes!
Deactivating autopickup; reactivate with Ctrl-A.
You hit something. You burn something.
The shadow strikes at you from the darkness!
Reactivating autopickup.
You are too injured to fight recklessly!
You are too injured to fight recklessly!
You are too injured to fight recklessly!
You are too injured to fight recklessly!
You are too injured to fight recklessly!
You are too injured to fight recklessly!
You are too injured to fight recklessly!
You are too injured to fight recklessly!
You are too injured to fight recklessly!
You are too injured to fight recklessly!
You are too injured to fight recklessly!
You are too injured to fight recklessly!
You are too injured to fight recklessly!
You are too injured to fight recklessly!
You are too injured to fight recklessly!
You are too injured to fight recklessly!
You are too injured to fight recklessly!
You are too injured to fight recklessly!
You are too injured to fight recklessly!
You are too injured to fight recklessly!
There is an open door here.
The shadow slips into darkness.
The shadow flickers and vanishes!
Deactivating autopickup; reactivate with Ctrl-A.
The shadow strikes at you from the darkness!
Reactivating autopickup.
The shadow slips into darkness.
The shadow flickers and vanishes!
Deactivating autopickup; reactivate with Ctrl-A.
There is an open door here.
The shadow strikes at you from the darkness!
Reactivating autopickup.
You closely miss the shadow.
The shadow is severely damaged.
The shadow slips into darkness.
The shadow flickers and vanishes!
Deactivating autopickup; reactivate with Ctrl-A.
You hit something. You burn something.
The shadow strikes at you from the darkness!
* * * LOW HITPOINT WARNING * * *
Reactivating autopickup.
The shadow slips into darkness.
The shadow flickers and vanishes!
Deactivating autopickup; reactivate with Ctrl-A.
The shadow strikes at you from the darkness!
You die...

..##.##..##r##...##.##
.........##.#...###.#
#########+#D#...##..#
...............###.##
...............# #.#
.....##.#.###### #.#
#######.#r########.#
#.#.D..O.....#
#.########@### #.#
#..# #.# ##.# #.# #.#
### #.# #.# ..# #.#
#.# #.# #.# #.#
#.#####.# #.#
#.#.....# #.#


You could see a four-headed hydra, a two-headed ogre and a quokka.

Vanquished Creatures
  An unseen horror (D:7)
  A hippogriff (D:7)
  Sigmund (D:2)
  6 yaks (D:6)
  2 ice beasts
  An orc warrior (D:6)
  A black bear (D:7)
  2 sky beasts
  3 phantoms
  3 ogres
  A crocodile (D:7)
  A bullfrog (D:9)
  A gnoll sergeant (D:9)
  A scorpion (D:8)
  3 killer bees (D:9)
  A howler monkey (D:5)
  A jelly (D:5)
  A bullfrog zombie (D:6)
  A centaur zombie (D:7)
  A bullfrog skeleton (D:6)
  A centaur skeleton (D:7)
  4 orc priests
  3 hounds
  Crazy Yiuf (D:6)
  4 iguanas
  An orc wizard (D:4)
  6 worker ants
  A killer bee zombie (D:5)
  A hound zombie (D:7)
  2 worker ant zombies
  Robin (D:2)
  17 gnolls
  10 adders
  2 shadow imps (D:7)
  A white imp (D:7)
  An ufetubus (D:3)
  2 adder skeletons
  7 worms
  4 leopard geckos
  30 orcs
  7 bats
  7 giant cockroaches
  6 goblins
  7 hobgoblins
  9 jackals
  8 kobolds
  3 quokkas
  9 frilled lizards
  A jackal skeleton (D:4)
  A quokka skeleton (D:4)
  3 rats
193 creatures vanquished.

Notes
Turn   | Place    | Note
-------+----------+-------------------------------------------
     0 | D:1      | Ozzies the Gargoyle Fighter began the quest for the Orb.
     0 | D:1      | Reached XP level 1. HP: 14/14 MP: 1/1
   118 | D:1      | Reached XP level 2. HP: 20/20 MP: 2/2
   193 | D:1      | Reached skill level 4 in Fighting
   697 | D:2      | Noticed Robin
   698 | D:2      | Reached XP level 3. HP: 20/24 MP: 3/3
   709 | D:2      | Killed Robin
   834 | D:2      | Reached skill level 5 in Fighting
   920 | D:2      | Reached XP level 4. HP: 29/31 MP: 4/4
   992 | D:2      | Noticed Sigmund
  1022 | D:2      | Killed Sigmund
  1022 | D:2      | Reached skill level 7 in Fighting
  1022 | D:2      | Reached XP level 5. HP: 6/38 MP: 5/5
  1027 | D:2      | HP: 1/38 [worm (5)]
  1414 | D:2      | Found a blossoming altar of Fedhas.
  1441 | D:2      | Reached XP level 6. HP: 39/44 MP: 6/6
  1568 | D:2      | Found an opulent altar of Gozag.
  1568 | D:2      | Found a sparkling altar of Nemelex Xobeh.
  1568 | D:2      | Found a hide-covered altar of Uskayaw.
  2420 | D:3      | Found a shadowy altar of Dithmenos.
  2824 | D:3      | Reached skill level 1 in Dodging
  2977 | D:3      | Found a transporter.
  2978 | D:3      | Found a transporter.
  2978 | D:3      | Noticed qborf's ghost (amateur OpTm)
  3060 | D:3      | Reached XP level 7. HP: 48/48 MP: 7/7
  3630 | D:4      | Found a staircase to the Ecumenical Temple.
  3641 | Temple   | Entered the Ecumenical Temple
  3861 | Temple   | Became a worshipper of Warmaster Okawaru
  3910 | D:4      | Found a broken altar of Ashenzari.
  4115 | D:4      | You fall into a shaft and drop 3 floors!
  4189 | D:7      | You fall into a shaft and drop 2 floors!
  4343 | D:9      | Reached skill level 8 in Fighting
  4349 | D:9      | Reached * piety under Okawaru
  4361 | D:9      | Reached XP level 8. HP: 22/55 MP: 8/8
  4715 | D:9      | Found a shimmering altar of Xom.
  4723 | D:9      | Found a shimmering altar of Xom.
  4981 | D:8      | Reached ** piety under Okawaru
  4981 | D:8      | Reached skill level 5 in Shields
  5017 | D:8      | Reached skill level 9 in Fighting
  5017 | D:8      | Reached skill level 5 in Armour
  5117 | D:5      | Entered Level 5 of the Dungeon
  5140 | D:5      | Got a crystal dagger
  5140 | D:5      | Identified the +11 dagger "Uschumiob" {flame, rN+ Str+6
                  | Int-2} (You found it on level 5 of the Dungeon)
  5784 | D:5      | Found a bloodstained altar of Trog.
  5845 | D:5      | Reached XP level 9. HP: 62/62 MP: 9/9
  6097 | D:5      | Reached skill level 1 in Invocations
  6274 | D:5      | Found a shimmering blue altar of Sif Muna.
  6366 | D:6      | Reached skill level 10 in Fighting
  6385 | D:6      | Reached *** piety under Okawaru
  6385 | D:6      | Reached skill level 5 in Maces & Flails
  6797 | D:6      | Found a runed translucent door.
  6798 | D:6      | Noticed Crazy Yiuf
  6865 | D:6      | Found a basalt altar of Yredelemnul.
  7142 | D:6      | Killed Crazy Yiuf
  7259 | D:7      | Reached **** piety under Okawaru
  7381 | D:7      | Reached XP level 10. HP: 68/68 MP: 12/12
  7405 | D:7      | Killed an unseen horror
  7405 | D:7      | Reached skill level 11 in Fighting
  7984 | D:7      | Noticed a two-headed ogre
  7985 | D:7      | Noticed a four-headed hydra
  8025 | D:7      | Slain by a shadow

Illustrated notes

Levels and vault maps discovered:
D:1:      onia_arrival_mini_spirals, layout_basic
D:2:      layout_loops_ring, lemuel_crystal_altar,
          gammafunk_temple_overflow_forgotten, uniq_sigmund, uniq_robin
D:3:      layout_basic, nicolae_dithmenos_shadow_blocks, gammafunk_ghost_smash,
          st_stairs_3
D:4:      layout_rooms, nicolae_ashenzari_panopticon,
          minmay_temple_entry_slanted
D:5:      layout_loops_corners, lemuel_blue_sif_altar, lemuel_doored_altar
D:6:      layout_basic, kennysheep_mini, uniq_crazy_yiuf_cottage
D:7:      minmay_the_grid_triangle_9x9_rhombus_thin
          [minmay_the_grid_triangle_9x9_dagger,
          minmay_the_grid_triangle_9x9_prize_insulated,
          minmay_the_grid_triangle_9x9_descending_squares,
          minmay_the_grid_triangle_9x9_warning], layout_loops_ring
D:8:      layout_basic, old_standard_altar, overflow_temple_1_default,
          serial_glass, glass_columns_b, glass_columns_a
D:9:      layout_loops_corners, xom_redecorated, serial_shops,
          nicolae_shop_crystal, grunt_ministairs_13, the_bakery
Temple:   dpeg_chambers_temple

Skill      XL: |  1  2  3  4  5  6  7  8  9 10 |
---------------+-------------------------------+-----
Fighting       | 4 5 7 8 9 10 11 | 11.3
Dodging        | 1 2 3 |  3.8
Shields        | 4 5 6 |  6.5
Armour         | 4 5 6 |  6.6
Maces & Flails | 3 4 5 |  5.0
Invocations    | 3 4 |  4.1

Action                   |  1- 3 |  4- 6 |  7- 9 | 10-12 || total
-------------------------+-------+-------+-------+-------++-------
Melee: Flail             |    26 |       |       |       ||    26
       Short sword       |    47 |       |       |       ||    47
       Dagger            |    14 |   144 |   401 |    64 ||   623
  Use: Potion            |       |       |     1 |       ||     1
       Scroll            |       |       |     2 |       ||     2
Armor: Scale mail        |    57 |    56 |    79 |       ||   192
       Plate armour      |       |       |    84 |       ||    84
       Ring mail         |       |       |    43 |    38 ||    81
Dodge: Dodged            |    23 |    51 |   131 |    32 ||   237
Block: Kite shield       |    42 |    60 |   205 |    32 ||   339

Table legend: (Time is in decaauts)
 A = Elapsed time spent in this place.
 B = Non-inter-level travel time spent in this place.
 C = Inter-level travel time spent in this place.
 D = Time resting spent in this place.
 E = Time spent auto-exploring this place.
 F = Levels seen in this place.
 G = Mean time per level.
                   A        B        C        D        E       F      G
               +--------+--------+--------+--------+--------+-----+--------+
         Total |   8087 |   7776 |    311 |   1546 |   4861 |  10 |  808.7 |
       Dungeon |   7839 |   7590 |    249 |   1546 |   4677 |   9 |  871.0 |
        Temple |    247 |    185 |     62 |      0 |    184 |   1 |  247.0 |
               +--------+--------+--------+--------+--------+-----+--------+

Top non-repeatable levels by time:
     D:3: 1171 daAuts
     D:1: 1076 daAuts
     D:2: 1062 daAuts
     D:5: 1041 daAuts
     D:4: 976 daAuts
     D:7: 920 daAuts
     D:6: 705 daAuts
     D:9: 555 daAuts
     D:8: 330 daAuts
  Temple: 247 daAuts
